 Dungeon Crawl Stone Soup version 0.29-a0-557-g43b9904bd1 (webtiles) character file.

Game seed: 10542169135053069219

15054 Hubjo the Demonic Catastrophe (level 11, 0/92 HPs)
             Began as a Demonspawn Transmuter on June 8, 2022.
             Was an Elder of Qazlal.
             Slain by a skeletal warrior
             ... wielding a +0 trident
              (12 damage)
             ... on level 12 of the Dungeon.
             The game lasted 00:34:34 (9808 turns).

Hubjo the Demonic Catastrophe (DsTm)                Turns: 9808, Time: 00:34:34

Health: 0/92       AC:  7    Str: 12      XL:     11   Next: 96%
Magic:  19/21      EV: 19    Int: 13 (14) God:    Qazlal [****..]
Gold:   658        SH:  5    Dex: 18 (19) Spells: 14/24 levels left

rFire   x . .      SeeInvis .     - Unarmed
rCold   + + +      Faith    .   (shield currently unavailable)
rNeg    . . .      Spirit   .   (body armour currently unavailable)
rPois   +          Reflect  .   (helmet currently unavailable)
rElec   .          Harm     .   (cloak currently unavailable)
rCorr   +          Rampage  .   (gloves currently unavailable)
Will    .....                   (boots currently unavailable)
Stlth   +++.......              d - amulet of regeneration
HPRegen 1.05/turn               t - +4 ring of evasion
MPRegen 0.17/turn               I - ring of resist corrosion

@: mighty, agile, ice-form, invisible, repel missiles
A: freezing attack, amphibious, boosted hp, large, thin skeletal structure 1,
powered by pain 1, (spiny 2), (demonic touch 2), (hooves 1), (horns 1),
deterioration 1, frail 1
a: End Transformation, Renounce Religion, Upheaval, Elemental Force


You were on level 12 of the Dungeon.
You worshipped Qazlal.
Qazlal was greatly pleased with you.
You were a creature of crystalline ice.
You visited 2 branches of the dungeon, and saw 13 of its levels.
You also visited: Ossuary.

You collected 658 gold pieces.

Inventory:

Hand Weapons
 c - the +7 Throatcutter (melded) {drain, coup de grace}
   (You found it on level 7 of the Dungeon)

   A truly terrible weapon, it drains the life of any living foe it strikes.
   It may instantly kill foes which have little health.
 w - a +3 quarterstaff of chaos
Missiles
 H - a throwing net
Armour
 a - a +0 robe
 B - +4 steam dragon scales (melded)
 F - a +1 hat
Jewellery
 d - an amulet of regeneration (around neck)
 i - the amulet of Elemental Vulnerability {rPois rF-- rC-- AC+8}
   (You found it on level 9 of the Dungeon)

   [amulet of nothing]

   AC:        It affects your AC (+8).
   rF:        It makes you very vulnerable to fire.
   rC:        It makes you very vulnerable to cold.
   rPois:     It protects you from poison.
 q - a ring of protection from cold
 s - a ring of magical power
 t - a +4 ring of evasion (left front paw)
 D - a ring of protection from fire
 G - a ring of protection from cold
 I - a ring of resist corrosion (right front paw)
 K - a ring of flight
Wands
 k - a wand of iceblast (12)
 m - a wand of flame (19)
 r - a wand of paralysis (7)
 v - a wand of polymorph (10)
 E - a wand of mindburst (10)
 L - a wand of acid (7)
Scrolls
 e - 2 scrolls of noise
 g - 2 scrolls of enchant weapon
 h - 4 scrolls of teleportation
 j - 2 scrolls of brand weapon
 y - 2 scrolls of amnesia
 z - 2 scrolls of torment
 C - 2 scrolls of immolation
 J - 2 scrolls of identify
Potions
 b - 2 potions of lignification
 f - a potion of invisibility
 l - 2 potions of cancellation
 n - 2 potions of flight
 u - a potion of brilliance
 x - a potion of degeneration


   Skills:
 + Level 7.8 Fighting
 + Level 4.5 Long Blades
 - Level 1.7 Dodging
 - Level 5.8 Stealth
 + Level 7.4 Unarmed Combat
 + Level 7.1 Spellcasting
 + Level 4.1 Hexes
 - Level 7.5 Transmutations
 - Level 4.6 Ice Magic
 * Level 8.1 Invocations


You had 14 spell levels left.
You knew the following spells:

 Your Spells              Type           Power      Damage    Failure   Level
a - Beastly Appendage     Tmut           48%        N/A       1%          1
b - Ice Form              Ice/Tmut       20%        N/A       12%         4
c - Yara's Violent Unrav  Hex/Tmut       9%         3d6       36%         5

Your spell library contained the following spells:

 Spells                   Type           Power      Damage    Failure   Level
 Wereblood                Tmut           24%        N/A       1%          2
 Sting                    Tmut/Pois      56%        1d5       3%          1
 Tukima's Dance           Hex            15%        N/A       9%          3
 Spider Form              Tmut/Pois      14%        N/A       10%         3
 Dazzling Flash           Conj/Hex       20%        N/A       19%         3
 Portal Projectile        Hex/Tloc       20%        N/A       19%         3
 Poisonous Vapours        Pois/Air       8%         N/A       22%         2
 Call Canine Familiar     Summ           4%         N/A       41%         3
 Leda's Liquefaction      Hex/Erth       5%         N/A       54%         4
 Airstrike                Air            2%         N/A       83%         4
 Animate Dead             Necr           4%         N/A       83%         4
 Corpse Rot               Necr/Pois/Air  4%         N/A       83%         4
 Iskenderun's Mystic Bla  Conj/Tloc      4%         2d3       83%         4
 Olgreb's Toxic Radiance  Pois           4%         N/A       83%         4
 Passage of Golubria      Tloc           4%         N/A       83%         4
 Lightning Bolt           Conj/Air       2%         1d13      99%         5
 Starburst                Conj/Fire      2%         6d3       100%        6
 Haunt                    Necr/Summ      2%         N/A       100%        7
 Summon Hydra             Summ           2%         N/A       100%        7
 Infestation              Necr           2%         N/A       100%        8


Dungeon Overview and Level Annotations

Branches:
Dungeon (13/15)            Temple (0/1) D:6             Orc (1/2) D:12
 Vaults (0/5) D:13        Ossuary (visited)
   Lair: D:8-11

Altars:
Makhleb
Okawaru
Qazlal
Ru
Sif Muna
Wu Jian
Xom
Zin

Annotations:
D:5 1 runed translucent door, DocClef's ghost, amateur GnDe


Innate Abilities, Weirdness & Mutations

You are a creature of crystalline ice.
You have a powerful freezing melee attack.
You are amphibious.
Your maximum health is increased.
Your armour is entirely melded.
You are incapable of wielding weapons or throwing items.
You have a somewhat thin skeletal structure. (Dex +2, Stealth+)
You sometimes gain a little power by taking damage.
((You are mostly covered in sharp spines.))
((Your touch may inflict irresistible damage on your foes.))
((You have large cloven feet.))
((You have a pair of small horns on your head.))
Your body sometimes deteriorates upon taking damage.
You are frail. (-10% HP)


Message History

Confirm with . or Enter, or press ? or * to list all spells.
Your talons disappear.
You turn into a creature of crystalline ice.
The +7 Throatcutter {drain, coup de grace} melds into your body.
Your +4 steam dragon scales melds into your body.
The komodo dragon bites you!
* * * LOW HITPOINT WARNING * * *
You punch the komodo dragon!
The komodo dragon seems to slow down.
You freeze the komodo dragon!
The komodo dragon is heavily wounded.
The komodo dragon is engulfed in blazing flames.
You block the komodo dragon's attack.
You hit the komodo dragon but do no damage.
The komodo dragon is severely wounded.
You hit the komodo dragon. You freeze the komodo dragon.
The komodo dragon is severely wounded.
The komodo dragon is engulfed in blazing flames.
You kill the komodo dragon!
Qazlal accepts your kill.
The komodo dragon's shape twists and changes as it dies.
A skeletal warrior comes into view. It is wielding a +0 trident.
A skeletal warrior is nearby!
A skeletal warrior is nearby!
You don't have any unidentified items.
You fade into invisibility!
You feel very mighty all of a sudden.
You hear a shout!
The skeletal warrior hits you with a +0 trident!
* * * LOW HITPOINT WARNING * * *
Your body deteriorates!
You feel dopey.
You focus on the pain.
You feel mightier all of a sudden.
You see here a shapeshifter corpse.
You punch the skeletal warrior!
The skeletal warrior is lightly damaged.
The skeletal warrior closely misses you.
You barely miss the skeletal warrior.
The skeletal warrior is lightly damaged.
The skeletal warrior hits you with a +0 trident!
You die...

#................###
#............#####
#..........###
#.........##..
#........##..
#....)...#...
#.......##.○#####..
........#.z○.......
........#.#Y#
........#..○##.#
........#...°..#
####........§.....
#...†..........
#..............
#........######
#........#
..........#


You could see a skeletal warrior (can't see you).

Vanquished Creatures
  Gastronok (D:8)
  A hydra (D:13)
  3 two-headed ogres
  2 dancing weapons (D:13)
  A manticore (D:12)
  2 cyclopes
  4 kobold demonologists (D:7)
  A komodo dragon (shapeshifter) (D:12)
  A troll (D:12)
  4 slime creatures (D:13)
  A vampire (D:10)
  6 yaks
  A wraith (D:13)
  Menkaure (Ossuary)
  2 steam dragons
  2 water moccasins
  An ice beast (D:7)
  3 orc warriors (D:9)
  A sky beast (D:6)
  2 black bears
  2 ogres
  5 centaurs
  2 phantoms
  4 kobold brigands
  6 bullfrogs
  A gnoll sergeant (D:9)
  6 scorpions
  8 wights
  6 killer bees
  9 howler monkeys
  A bullfrog zombie (D:5)
  3 iron imps (D:8)
  A gnoll shaman (D:7)
  9 hounds
  2 jellies
  6 orc priests
  Crazy Yiuf (D:6)
  3 iguanas (D:5)
  11 orc wizards
  A hound zombie (D:5)
  4 mummies
  6 adders
  7 gnolls
  A white imp (D:5)
  2 ufetubi
  2 worms
  36 orcs
  2 ball pythons (D:4)
  8 bats
  9 endoplasms
  8 giant cockroaches
  4 goblins
  8 hobgoblins
  5 jackals
  15 kobolds
  A quokka (D:1)
  5 frilled lizards
  2 gnoll skeletons (Ossuary)
  7 gnoll zombies (Ossuary)
  4 goblin skeletons (Ossuary)
  3 goblin zombies (Ossuary)
  3 hobgoblin skeletons (Ossuary)
  6 hobgoblin zombies (Ossuary)
  3 kobold skeletons (Ossuary)
  2 kobold zombies (Ossuary)
  11 orc skeletons (Ossuary)
  4 orc zombies (Ossuary)
  3 rats (D:1)
  2 rat skeletons (Ossuary)
  3 rat zombies (Ossuary)
303 creatures vanquished.

Vanquished Creatures (collateral kills)
  An ugly thing (D:12)
1 creature vanquished.

Grand Total: 304 creatures vanquished

Notes
Turn   | Place    | Note
-------+----------+-------------------------------------------
     0 | D:1      | Hubjo the Demonspawn Transmuter began the quest for the
                  | Orb.
     0 | D:1      | Reached XP level 1. HP: 15/15 MP: 3/3
   107 | D:1      | Gained mutation: Your touch may inflict minor irresistible
                  | damage on your foes. [demonic ancestry]
   107 | D:1      | Reached XP level 2. HP: 18/21 MP: 3/5
   857 | D:1      | You fall into a shaft and drop 1 floor!
   999 | D:2      | Reached XP level 3. HP: 27/27 MP: 4/6
  1460 | D:3      | Reached skill level 1 in Stealth
  1501 | D:3      | Found a stormy altar of Qazlal.
  1540 | D:3      | Became a worshipper of Qazlal Stormbringer
  1626 | D:3      | Reached XP level 4. HP: 34/34 MP: 5/7
  1783 | D:3      | Found a faded altar of an unknown god.
  1784 | D:3      | Noticed an eye of devastation
  1786 | D:3      | Noticed a great orb of eyes
  1788 | D:3      | Noticed a golden eye
  1788 | D:3      | Noticed an eye of devastation
  2052 | D:3      | Learned a level 4 spell: Ice Form
  2289 | D:4      | Found a sacrificial altar of Ru.
  2402 | D:4      | Gained mutation: You are partially covered in sharp spines.
                  | [demonic ancestry]
  2402 | D:4      | Reached XP level 5. HP: 38/39 MP: 6/8
  2409 | D:4      | Reached skill level 1 in Ice Magic
  2449 | D:4      | Reached * piety under Qazlal
  2509 | D:4      | Noticed an ogre
  2519 | D:4      | Killed an ogre
  2520 | D:4      | Gained mutation: You have a somewhat thin skeletal
                  | structure. (Dex +2, Stealth+) [demonic ancestry]
  2520 | D:4      | Reached XP level 6. HP: 16/47 MP: 10/10
  2729 | D:4      | Found a shimmering blue altar of Sif Muna.
  2865 | D:5      | Entered Level 5 of the Dungeon
  2898 | D:5      | Noticed a water moccasin
  2915 | D:5      | Killed a water moccasin
  2916 | D:5      | Reached XP level 7. HP: 5/52 MP: 11/11
  3300 | D:4      | Gained mutation: You are strong-willed. (Will+) [potion of
                  | mutation]
  3548 | D:5      | Found a runed translucent door.
  3556 | D:5      | Gained mutation: You sometimes gain a little power by
                  | taking damage. [demonic ancestry]
  3556 | D:5      | Reached XP level 8. HP: 60/60 MP: 11/13
  3564 | D:5      | Noticed DocClef's ghost (amateur GnDe)
  3602 | D:5      | Reached ** piety under Qazlal
  3811 | D:5      | You fall into a shaft and drop 1 floor!
  3918 | D:6      | Found a staircase to the Ecumenical Temple.
  4264 | D:6      | Reached skill level 5 in Transmutations
  4685 | D:6      | Found a runed translucent door.
  4686 | D:6      | Noticed Crazy Yiuf
  4845 | D:6      | Killed Crazy Yiuf
  5017 | D:7      | Gained mutation: Your touch may inflict irresistible damage
                  | on your foes. [demonic ancestry]
  5017 | D:7      | Reached XP level 9. HP: 67/67 MP: 13/15
  5026 | D:7      | Found a sand-covered staircase.
  5033 | Ossuary  | Entered an ossuary
  5180 | Ossuary  | Reached *** piety under Qazlal
  5334 | Ossuary  | Noticed Menkaure
  5346 | Ossuary  | Killed Menkaure
  5347 | Ossuary  | Reached skill level 5 in Unarmed Combat
  5400 | Ossuary  | Lost mutation: You are strong-willed. (Will+) [potion of
                  | mutation]
  5400 | Ossuary  | Gained mutation: You sometimes lose the ability to read
                  | scrolls when taking damage. [potion of mutation]
  5400 | Ossuary  | Gained mutation: You possess an exceptional clarity of
                  | mind. [potion of mutation]
  5699 | D:7      | Reached **** piety under Qazlal
  5700 | D:7      | Reached skill level 5 in Fighting
  6508 | D:7      | Noticed a kobold demonologist
  6508 | D:7      | Noticed a kobold demonologist
  6508 | D:7      | Noticed a kobold demonologist
  6509 | D:7      | Found the +7 Throatcutter {drain, coup de grace}
  6509 | D:7      | Noticed a kobold demonologist
  6511 | D:7      | Noticed an ice devil
  6514 | D:7      | Noticed an orange demon
  6515 | D:7      | Killed a kobold demonologist
  6516 | D:7      | Reached skill level 5 in Spellcasting
  6518 | D:7      | Noticed a sun demon
  6520 | D:7      | Noticed an ice devil
  6520 | D:7      | Killed a kobold demonologist
  6521 | D:7      | Reached skill level 5 in Stealth
  6522 | D:7      | Noticed a rust devil
  6524 | D:7      | Killed a kobold demonologist
  6527 | D:7      | Noticed a hellwing
  6527 | D:7      | Killed a kobold demonologist
  6528 | D:7      | Gained mutation: You are mostly covered in sharp spines.
                  | [demonic ancestry]
  6528 | D:7      | Reached XP level 10. HP: 76/76 MP: 14/17
  6930 | D:8      | Found an iron altar of Okawaru.
  6950 | D:8      | Found a burning altar of Makhleb.
  7050 | D:8      | Reached skill level 1 in Long Blades
  7097 | D:8      | Noticed Gastronok
  7106 | D:8      | Killed Gastronok
  7572 | D:8      | Learned a level 5 spell: Yara's Violent Unravelling
  7605 | D:9      | Reached skill level 1 in Invocations
  7800 | D:9      | Noticed a two-headed ogre
  7807 | D:9      | Killed a two-headed ogre
  7808 | D:9      | Reached skill level 1 in Hexes
  7808 | D:9      | Reached skill level 3 in Invocations
  8055 | D:9      | Reached ***** piety under Qazlal
  8060 | D:9      | Noticed a two-headed ogre
  8066 | D:9      | Killed a two-headed ogre
  8067 | D:9      | Reached skill level 4 in Invocations
  8067 | D:9      | Reached XP level 11. HP: 46/83 MP: 20/20
  8127 | D:9      | Found the amulet of Elemental Vulnerability {rPois rF--
                  | rC-- AC+8}
  8502 | D:10     | Entered Level 10 of the Dungeon
  8532 | D:10     | Reached skill level 5 in Invocations
  8761 | D:10     | Got the Collected Works on the Birds and Creation
  8770 | D:10     | Noticed a two-headed ogre
  8780 | D:10     | Killed a two-headed ogre
  8827 | D:10     | Found an ornate altar of the Wu Jian Council.
  8955 | D:10     | Found a shimmering altar of Xom.
  8955 | D:10     | Noticed an angel
  9035 | D:10     | You fall into a shaft and drop 3 floors!
  9063 | D:13     | Reached skill level 6 in Invocations
  9167 | D:13     | Noticed a +5 long sword
  9167 | D:13     | Noticed a +4 long sword
  9175 | D:13     | Killed a +5 long sword
  9187 | D:13     | HP: 5/100 [+4 long sword (19)]
  9195 | D:13     | Killed a +4 long sword
  9295 | D:13     | Found a gate to the Vaults.
  9338 | D:13     | Noticed a five-headed hydra
  9344 | D:13     | Killed a five-headed hydra
  9345 | D:13     | Reached skill level 7 in Invocations
  9345 | D:13     | HP: 3/100 [wraith (12)]
  9507 | D:13     | Noticed a centaur warrior
  9550 | D:12     | Noticed a cyan ugly thing
  9553 | D:12     | Noticed a death knight
  9563 | D:12     | Found a staircase to the Orcish Mines.
  9571 | Orc:1    | Entered Level 1 of the Orcish Mines
  9644 | D:12     | Noticed a six-headed hydra
  9649 | D:12     | Killed a cyan ugly thing
  9653 | D:12     | Lost mutation: You sometimes lose the ability to read
                  | scrolls when taking damage. [potion of mutation]
  9653 | D:12     | Lost mutation: You possess an exceptional clarity of mind.
                  | [potion of mutation]
  9653 | D:12     | Gained mutation: You have a pair of small horns on your
                  | head. [potion of mutation]
  9653 | D:12     | Gained mutation: Your body sometimes deteriorates upon
                  | taking damage. [potion of mutation]
  9653 | D:12     | Gained mutation: You are frail. (-10% HP) [potion of
                  | mutation]
  9653 | D:12     | Gained mutation: You have large cloven feet. [potion of
                  | mutation]
  9657 | D:12     | Noticed a centaur warrior
  9791 | D:12     | Reached skill level 8 in Invocations
  9803 | D:12     | Noticed a skeletal warrior
  9808 | D:12     | Slain by a skeletal warrior

Illustrated notes

Levels and vault maps discovered:
D:1:      heliophobic_arrival_dark_side_of_the_moon, layout_loops_ring
D:2:      layout_loops_cross, st_stairs_14
D:3:      layout_basic, mainiacjoe_overflow_concentric_impassable,
          hellmonk_ecumenical_altar_watching_god, st_stairs_8
D:4:      wad_river_or_something, layout_basic,
          nicolae_ru_great_annihilating_truth, nicolae_sif_muna_condensation
D:5:      minmay_angry_zag, layout_rooms, ebering_ghost_reflecting_pool,
          serial_undead, serial_undead_a, serial_undead_c, serial_undead_a,
          serial_undead_e
D:6:      layout_basic, minmay_temple_entry_poolview, minmay_liquid_box,
          kennysheep_nub, uniq_crazy_yiuf_cottage
D:7:      layout_loops_corners, gup_ossuary_entry_pyramid,
          dilly_guarded_unrand_throatcut
D:8:      layout_rooms, demons_altar, okawaru_ov_weapons_minmay, st_stairs_3,
          nrook_mini_vaults, amcnicky_mini_corridor_feature,
          minmay_misc_feat_diagonals, uniq_gastronok
D:9:      layout_roguey, minmay_increasing_density
D:10:     layout_loops_ring, kennysheep_mini_moat,
          grunt_temple_overflow_order_and_chaos_1, grunt_decor_cap
D:12:     minmay_swirls_squares, layout_irregular_city, orc_0_dummy
D:13:     layout_irregular_city, erik_vaults_1, gauntlet_entry_generic
Orc:1:    layout_caves, biasface_ghost_orc_armoury, nicolae_orc_crystal_geode

Skill      XL: |  1  2  3  4  5  6  7  8  9 10 11 |
---------------+----------------------------------+-----
Transmutations | 2 3 4 5 7 |  7.5
Fighting       | 2 3 4 5 6 7 |  7.8
Unarmed Combat | 3 4 5 6 7 |  7.4
Stealth        | 1 2 3 4 5 |  5.8
Ice Magic      | 1 2 3 4 |  4.6
Spellcasting   | 3 4 5 6 7 |  7.1
Long Blades    | 3 4 |  4.5
Invocations    | 4 8 |  8.1
Hexes          | 2 4 |  4.1
Dodging        | |  1.7

Action                   |  1- 3 |  4- 6 |  7- 9 | 10-12 || total
-------------------------+-------+-------+-------+-------++-------
Melee: Unarmed           |    89 |    85 |   279 |    50 ||   503
       Kick              |    19 |    20 |    81 |    44 ||   164
       Touch             |    11 |    10 |    51 |    21 ||    93
       Headbutt          |     5 |    17 |    44 |    29 ||    95
       Punch             |     1 |       |     9 |     8 ||    18
       Long sword        |       |       |       |   149 ||   149
 Cast: Beastly Appendage |    29 |    23 |    46 |    24 ||   122
       Ice Form          |       |       |     3 |     6 ||     9
Invok: Elemental Force   |       |       |       |     3 ||     3
       Upheaval          |       |       |       |     1 ||     1
       Disaster Area     |       |       |       |     1 ||     1
  Use: Scroll            |     2 |     6 |     3 |    10 ||    21
       Potion            |       |     1 |     5 |    17 ||    23
 Stab: Sleeping          |     4 |     1 |       |       ||     5
       Invisible         |       |     3 |       |       ||     3
       Paralysed         |       |     1 |       |       ||     1
Armor: Robe              |    12 |     8 |    23 |       ||    43
       Skin              |       |       |     5 |    13 ||    18
       Steam dragon scal |       |       |     3 |    37 ||    40
Dodge: Dodged            |    49 |    55 |   102 |   177 ||   383
       Repelled          |       |       |       |     1 ||     1
Block: Other             |       |     3 |    25 |    68 ||    96

Table legend: (Time is in decaauts)
 A = Elapsed time spent in this place.
 B = Non-inter-level travel time spent in this place.
 C = Inter-level travel time spent in this place.
 D = Time resting spent in this place.
 E = Time spent auto-exploring this place.
 F = Levels seen in this place.
 G = Mean time per level.
                   A        B        C        D        E       F      G
               +--------+--------+--------+--------+--------+-----+--------+
         Total |   9820 |   9523 |    297 |    661 |   6453 |  14 |  701.4 |
       Dungeon |   9267 |   8970 |    297 |    661 |   6286 |  12 |  772.2 |
  Orcish Mines |      4 |      4 |      0 |      0 |      0 |   1 |    4.0 |
       Ossuary |    547 |    547 |      0 |      0 |    167 |   1 |  547.0 |
               +--------+--------+--------+--------+--------+-----+--------+

Top non-repeatable levels by time:
     D:7: 1195 daAuts
     D:6: 1104 daAuts
     D:8: 945 daAuts
     D:9: 924 daAuts
     D:1: 855 daAuts
     D:4: 838 daAuts
     D:5: 808 daAuts
     D:3: 707 daAuts
     D:2: 589 daAuts
 Ossuary: 547 daAuts
    D:10: 535 daAuts
    D:13: 501 daAuts
    D:12: 263 daAuts
   Orc:1: 4 daAuts
